 Dungeon Crawl Stone Soup version 0.27-a0-773-gaaee5cf45b (webtiles) character file.

Game seed: 16975172493599671082

39 Shayle the Magician (level 3, -3/29 HPs)
             Began as a Djinni Warper on Mar 25, 2021.
             Slain by an orc
             ... wielding a +0 flail of draining
              (4 damage)
             ... on level 4 of the Dungeon.
             The game lasted 00:04:56 (2131 turns).

Shayle the Magician (Djinni Warper)                 Turns: 2131, Time: 00:04:57

Health: -3/29      AC:  8    Str: 10    XL:     3   Next: 45%
Gold:   126        EV: 10    Int: 15    God:
                   SH:  0    Dex: 12

rFire    + + .     SeeInvis .   a - +0 falchion
rCold    x . .     Faith    .   (no shield)
rNeg     . . .     Spirit   .   l - +0 ring mail
rPois    ∞         Reflect  .   f - +2 helmet
rElec    .         Harm     .   (no cloak)
rCorr    .         Rampage  .   (no gloves)
Will     .....                  (boots unavailable)
Stlth    +.........             (no amulet)
HPRegen  0.09/turn              (no ring)
MPRegen  0.00/turn              (no ring)

@: brilliant, flying
A: fire resistance 2, cold vulnerability 1, float, innate caster, hp casting,
extra vitality 1
a: no special abilities


You were on level 4 of the Dungeon.
You visited 1 branch of the dungeon, and saw 4 of its levels.

You collected 126 gold pieces.

Inventory:

Hand Weapons
 a - a +0 falchion (weapon)
 c - a +2 dagger of venom
Missiles
 e - 5 boomerangs of dispersal (quivered)
Armour
 b - a +0 leather armour
 f - a +2 helmet (worn)
 l - a +0 ring mail (worn)
Scrolls
 i - a scroll of vulnerability {unknown}
 j - a scroll of magic mapping {unknown}
 k - a scroll of enchant armour {unknown}
 m - a scroll of noise {unknown}
 n - a scroll of amnesia {unknown}
 o - a scroll of immolation {unknown}
Potions
 g - a potion of brilliance


   Skills:
 + Level 2.3 Fighting
 + Level 2.2 Long Blades
 - Level 0.7 Throwing
 + Level 1.6 Armour
 + Level 2.7 Dodging
 + Level 2.9 Spellcasting


You couldn't memorise any spells.
You knew the following spells:

 Your Spells              Type           Power      Damage    Failure   Level
a - Blink                 Tloc           N/A        N/A       22%         2
b - Lesser Beckoning      Tloc           8%         N/A       41%         3
c - Gell's Gravitas       Tloc           8%         N/A       41%         3
d - Teleport Other        Tloc           16%        N/A       41%         3
e - Manifold Assault      Tloc           16%        N/A       99%         5
f - Apportation           Tloc           32%        N/A       16%         1
Your spell library was empty.

Dungeon Overview and Level Annotations

Branches:
Dungeon (4/15)
 Temple: D:4-7

Altars:
Cheibriados
Fedhas
Qazlal
Sif Muna


Innate Abilities, Weirdness & Mutations

You are immune to poison.
Your flesh is very heat resistant. (rF++)
You are vulnerable to cold. (rC-)
You float through the air rather than walking.
You learn spells naturally, not from books.
Your magical power is your life essence.
You have superior vitality. (+4 HP)


Message History

The jackal closely misses you.
Okay, then.
Blink to where?
Press: ? - help, Dir - move target
As you read the scroll of blinking, it crumbles to dust.
Found a blossoming altar of Fedhas.
A quokka comes into view.
The quokka closely misses you. The quokka bites you.
* * * LOW HITPOINT WARNING * * *
You slash the quokka!
You kill the quokka!
Found 10 gold pieces.
An orc comes into view. It is wielding a +0 flail of draining.
The orc shouts!
Found a scroll labelled WUKKEN MANGEK.
A goblin comes into view. It is wielding a +0 club.
The goblin shouts!
You hear a shout!
The jackal bites you but does no damage.
Found a stone staircase leading down.
A hobgoblin comes into view.
The jackal bites you but does no damage.
The goblin completely misses you.
You riposte.
You closely miss the goblin.
Okay, then.
Cast which spell? (? or * to list)
You feel a surge of power!
You blink.
* * * LOW HITPOINT WARNING * * *
The jackal bites you but does no damage.
The orc hits you with a +0 flail of draining.
* * * LOW HITPOINT WARNING * * *
The jackal barely misses you.
You closely miss the jackal.
The jackal is moderately wounded.
The jackal bites you.
* * * LOW HITPOINT WARNING * * *
The orc barely misses you. The goblin barely misses you.
Unknown command.
You closely miss the orc.
The jackal bites you but does no damage.
The orc hits you with a +0 flail of draining.
You die...

...## #.. . #...# # .
#.#.####### .
.........# ....
#.....$..#....#...
#g.......#....#...
#.............#...
#gh......._.......
#@#####.###...#... #o#
#.###...#...
######.#####.......#...
#......g........g....##
#............#......###
..?...........####..#
..............# #.##
>.............# ###
..............#


You could see an orc, a jackal, a hobgoblin and 2 goblins.

Vanquished Creatures
  A dart slug (D:1)
  7 ball pythons
  2 endoplasms (D:2)
  3 giant cockroaches
  2 goblins (D:1)
  2 hobgoblins (D:2)
  3 jackals (D:2)
  2 quokkas
  5 bats
  2 frilled lizards
  3 kobolds
  2 rats
34 creatures vanquished.

Notes
Turn   | Place    | Note
-------+----------+-------------------------------------------
     0 | D:1      | Shayle the Djinni Warper began the quest for the Orb.
     0 | D:1      | Reached XP level 1. HP: 18/18 MP: 0/0
   309 | D:1      | Reached XP level 2. HP: 22/23 MP: 0/0
  1343 | D:2      | Reached XP level 3. HP: 26/28 MP: 0/0
  1343 | D:2      | Learned a level 1 spell: Apportation
  1820 | D:2      | Found a snail-covered altar of Cheibriados.
  1821 | D:2      | Found a stormy altar of Qazlal.
  2110 | D:4      | Found a blossoming altar of Fedhas.
  2130 | D:4      | HP: 1/29 [jackal (2)]
  2131 | D:4      | Slain by an orc

Illustrated notes

Levels and vault maps discovered:
D:1:      roderic_octagonal_star, layout_loops_ring, serial_forest,
          infiniplex_forest_clump_curved, infiniplex_forest_pool,
          infiniplex_forest_straight_2, infiniplex_forest_straight_2,
          infiniplex_forest_straight_1, infiniplex_forest_diagonal,
          infiniplex_forest_clump_small, infiniplex_forest_clump_diagonal,
          infiniplex_forest_lined_room_, hangedman_decor_diamond_cutter,
          minmay_unequal
D:2:      minmay_door_path, layout_loops_cross, grunt_temple_overflow_open
D:3:      layout_rooms, nzn_wu_jian_council_hall,
          chequers_ecumenical_altar_lobes, serial_shops, shop, shop, shop
D:4:      layout_rooms, overflow_temple_1_default, enter_ossuary_5,
          roderic_serpentine_path

Skill      XL: |  1  2 |
---------------+-------+-----
Long Blades    | 2 |  2.2
Fighting       | |  2.3
Throwing       | |  0.7
Armour         | |  1.6
Dodging        | |  2.7
Spellcasting   | |  2.9

Action                   || total
-------------------------++-------
Melee: Falchion          ||   120
 Cast: Blink             ||     1
  Use: Scroll            ||     3
       Potion            ||     1
Armor: Leather armour    ||    34
       Ring mail         ||    28
Dodge: Dodged            ||   103
       Rpst.: Falchion   ||    37

Table legend: (Time is in decaauts)
 A = Elapsed time spent in this place.
 B = Non-inter-level travel time spent in this place.
 C = Inter-level travel time spent in this place.
 D = Time resting spent in this place.
 E = Time spent auto-exploring this place.
 F = Levels seen in this place.
 G = Mean time per level.
                   A        B        C        D        E       F      G
               +--------+--------+--------+--------+--------+-----+--------+
         Total |   2153 |   2065 |     88 |      0 |   1585 |   4 |  538.2 |
       Dungeon |   2153 |   2065 |     88 |      0 |   1585 |   4 |  538.2 |
               +--------+--------+--------+--------+--------+-----+--------+

Top non-repeatable levels by time:
     D:1: 1090 daAuts
     D:2: 976 daAuts
     D:3: 45 daAuts
     D:4: 41 daAuts
